 Dungeon Crawl Stone Soup version 0.31-a0-995-g04711c9635 (webtiles) character file.

Game seed: 14737723318804924505

47 BinkBink the Shooter (level 3, -1/19 (22) HPs)
             Began as a Tengu Hunter on Nov 6, 2023.
             Was an Initiate of Hepliaklqana.
             Slain by a spectral adder (3 damage)
             ... on level 2 of the Dungeon.
             The game lasted 00:01:57 (1178 turns).

BinkBink the Shooter (Tengu Hunter)                 Turns: 1178, Time: 00:01:58

HP:   -1/19 (22)    AC:  0    Str: 11    XL:     3   Next: 70%
MP:   4/4           EV: 12    Int:  9    God:    Hepliaklqana [......]
Gold: 98            SH:  0    Dex: 19    Spells: 3/3 levels left

rFire   . . .        a - +0 shortbow
rCold   . . .        (shield currently unavailable)
rNeg    . . .        (no body armour)
rPois   .            (helmet restricted)
rElec   .            (no cloak)
rCorr   .            (no gloves)
SInv    .            (boots unavailable)
Will    .....        (no amulet)
Stlth   ++           (no ring)
HPRegen 0.23/turn    (no ring)
MPRegen 0.09/turn

%: acrobat
@: heavily drained
A: beak, talons 3, acrobatic
a: Renounce Religion


You were on level 2 of the Dungeon.
You worshipped Hepliaklqana.
Hepliaklqana was noncommittal.
You visited 1 branch of the dungeon, and saw 2 of its levels.

You collected 98 gold pieces.

Inventory:

Hand Weapons
 a - a +0 shortbow (weapon)
Missiles
 e - 2 throwing nets
Jewellery
 h - a ring of willpower
Scrolls
 b - a scroll of butterflies
 f - 2 scrolls of enchant weapon {unknown}
 i - a scroll of identify {unknown}
Potions
 c - a potion of attraction {unknown}
 d - a potion of haste {unknown}
 g - a potion of resistance {unknown}


   Skills:
 + Level 2.9 Fighting
 + Level 5.0 Ranged Weapons
 - Level 2.1 Dodging
 - Level 1.0 Stealth
 + Level 0.6 Spellcasting
 + Level 0.8 Necromancy


You had 3 spell levels left.
You didn't know any spells.
Your spell library contained the following spells:

 Spells                   Type           Power      Damage    Failure   Level
 Necrotise                Necr           4%         1d4       28%         1
 Kiss of Death            Conj/Necr      4%         2d5       32%         1
 Sublimation of Blood     Necr           1%         N/A       38%         2
 Wereblood                Tmut           0%         N/A       52%         2
 Animate Dead             Necr           1%         N/A       95%         4
 Irradiate                Conj/Tmut      0%         3d11      100%        5


Dungeon Overview and Level Annotations

Branches:
Dungeon (2/15)

Altars:
Hepliaklqana
Kikubaaqudgha


Innate Abilities, Weirdness & Mutations

You have a beak for a mouth.
You have claws for feet.
You can magically evade attacks while moving or waiting.


Message History

You shoot an arrow.
The arrow barely misses the spectral adder.
The spectral adder closely misses you.
Fire: a) +0 shortbow
Press: ? - help, Q - select action, (/) - cycle Shift-Dir - straight line, f/p - spectral adder
Aim: a spectral adder (heavily damaged, 64% to hit)
You shoot an arrow. The arrow hits the spectral adder.
The spectral adder is severely damaged.
The spectral adder bites you. The spectral adder closely misses you.
Fire: a) +0 shortbow
Press: ? - help, Q - select action, (/) - cycle Shift-Dir - straight line, f/p - spectral adder
Aim: a spectral adder (severely damaged, 64% to hit)
You shoot an arrow.
The arrow closely misses the spectral adder.
The spectral adder bites you.
* * * LOW HITPOINT WARNING * * *
Fire: a) +0 shortbow
Press: ? - help, Q - select action, (/) - cycle Shift-Dir - straight line, f/p - spectral adder
Aim: a spectral adder (severely damaged, 64% to hit)
You shoot an arrow.
The arrow closely misses the spectral adder.
The spectral adder completely misses you.
The spectral adder closely misses you.
Fire: a) +0 shortbow
Press: ? - help, Q - select action, (/) - cycle Shift-Dir - straight line, f/p - spectral adder
Aim: a spectral adder (severely damaged, 64% to hit)
You shoot an arrow. The arrow hits the spectral adder.
The spectral adder is severely damaged.
The spectral adder bites you.
* * * LOW HITPOINT WARNING * * *
You feel drained.
Fire: a) +0 shortbow
Press: ? - help, Q - select action, (/) - cycle Shift-Dir - straight line, f/p - spectral adder
Aim: a spectral adder (severely damaged, 64% to hit)
You shoot an arrow.
The arrow closely misses the spectral adder.
The spectral adder bites you.
* * * LOW HITPOINT WARNING * * *
You feel drained. The spectral adder bites you.
You die...

#.# #...##)# #.#
##.####.#####
#.####...##.......
#.##.........#####
#.##.#.......#
#.#.#.#..._..#
#.####..###.......#
#......## ##......#
######@.# #.##....#
......Z.#.#.##..........
##########.>...#..######
#####...## ##.## .. ###


You could see a spectral adder.

Vanquished Creatures
  2 adders (D:2)
  A dart slug (D:1)
  2 endoplasms (D:1)
  3 giant cockroaches
  3 hobgoblins
  3 kobolds
  A quokka (D:1)
  4 ball pythons (D:1)
  6 bats
  2 frilled lizards (D:1)
27 creatures vanquished.

Notes
Turn   | Place    | Note
-------+----------+-------------------------------------------
     0 | D:1      | BinkBink the Tengu Hunter began the quest for the Orb.
     0 | D:1      | Reached XP level 1. HP: 12/12 MP: 2/2
   134 | D:1      | Reached XP level 2. HP: 18/18 MP: 3/3
   277 | D:1      | Found a faded altar of an unknown god.
   277 | D:1      | Noticed a ynoxinul
   345 | D:1      | Prayed at the altar of an unknown god.
   345 | D:1      | Became a worshipper of Kikubaaqudgha
   345 | D:1      | Reached * piety under Kikubaaqudgha
   345 | D:1      | Received a gift from Kikubaaqudgha
   705 | D:1      | Reached XP level 3. HP: 22/22 MP: 4/4
   977 | D:2      | Fell from the grace of Kikubaaqudgha
  1121 | D:2      | Reached skill level 5 in Ranged Weapons
  1124 | D:2      | Found a hazy altar of Hepliaklqana.
  1140 | D:2      | Became a worshipper of Hepliaklqana the Forgotten
  1178 | D:2      | Slain by a spectral adder

Illustrated notes

Levels and vault maps discovered:
D:1:      lightli_arrival_noodles, layout_basic,
          dreamdust_ecumenical_altar_sealed_demon, minmay_tripent
D:2:      layout_loops_ring, basic_altar

Skill      XL: |  1  2  3 |
---------------+----------+-----
Ranged Weapons | 5 |  5.0
Fighting       | |  2.9
Dodging        | |  2.1
Stealth        | |  1.0
Spellcasting   | |  0.6
Necromancy     | |  0.8

Action                     || total
---------------------------++-------
   Fire: Shortbow          ||    86
 Invoke: Renounce Religion ||     1
 Armour: Skin              ||    24
  Dodge: Dodged            ||    33

Table legend: (Time is in decaauts)
 A = Elapsed time spent in this place.
 B = Non-inter-level travel time spent in this place.
 C = Inter-level travel time spent in this place.
 D = Time resting spent in this place.
 E = Time spent auto-exploring this place.
 F = Levels seen in this place.
 G = Mean time per level.
                   A        B        C        D        E       F      G
               +--------+--------+--------+--------+--------+-----+--------+
         Total |   1190 |   1112 |     78 |      0 |    946 |   2 |  595.0 |
       Dungeon |   1190 |   1112 |     78 |      0 |    946 |   2 |  595.0 |
               +--------+--------+--------+--------+--------+-----+--------+

Top non-repeatable levels by time:
     D:1: 982 daAuts
     D:2: 207 daAuts
